 Dungeon Crawl Stone Soup version 0.18.1-50-g88ac8fd (webtiles) character file.

59 Gargoyl the Skirmisher (level 3, -9/30 HPs)
             Began as a Demonspawn Abyssal Knight on Sept 29, 2016.
             Was a Follower of Lugonu.
             Mangled by Sabitsuki's ghost (13 damage)
             ... on level 3 of the Dungeon.
             The game lasted 00:03:15 (1599 turns).

Gargoyl the Skirmisher (Demonspawn Abyssal Knight)  Turns: 1599, Time: 00:03:16

Health: -9/30      AC:  8    Str: 13    XL:     3   Next: 78%
Magic:  5/5        EV:  6    Int: 13    God:    Lugonu [*.....]
Gold:   121        SH:  0    Dex: 12    Spells: 0 memorised, 2 levels left

rFire  . . .     SeeInvis .     a - +1 hand axe
rCold  . . .     Gourm    .     d - +0 chain mail
rNeg   . . .     Faith    .     (no shield)
rPois  .         Spirit   .     (no helmet)
rElec  .         Dismiss  .     (no cloak)
rCorr  .         Reflect  .     (no gloves)
SustAt +         Harm     .     (no boots)
MR     .....                    (no amulet)
Stlth  ..........               (no ring)
                                e - ring of sustain attributes

@: not resistant to hostile enchantments, extremely unstealthy
A: claws 1, demonic guardian 1
a: Depart the Abyss, Renounce Religion


You were on level 3 of the Dungeon.
You worshipped Lugonu.
Lugonu was aware of your devotion.
You were not hungry.

You visited 1 branch of the dungeon, and saw 3 of its levels.
You visited the Abyss 1 time.

You collected 121 gold pieces.

Inventory:

Hand Weapons
 a - a +1 hand axe (weapon)
Missiles
 q - 3 javelins (quivered)
Armour
 b - a +0 leather armour
 d - a +0 chain mail (worn)
Jewellery
 e - a ring of sustain attributes (left claw)
Wands
 v - a wand of slowing (32/48)
Scrolls
 h - 2 scrolls of summoning
Potions
 f - a potion of heal wounds {unknown}
 g - a potion of curing {unknown}
 j - 2 potions of agility {unknown}
 k - a potion of magic {unknown}
 l - a potion of berserk rage {unknown}
 n - a potion of lignification {unknown}
 o - a potion of cancellation {unknown}
Comestibles
 c - a bread ration
 i - 2 meat rations
 m - a beef jerky
 x - 6 chunks of flesh


   Skills:
 + Level 3.7 Fighting
 + Level 2.2 Axes
 * Level 2.4 Armour
 + Level 1.1 Dodging
 * Level 2.9 Invocations


You had 2 spell levels left.
You didn't know any spells.

Dungeon Overview and Level Annotations

Branches:
Dungeon (3/15)

Altars:
Cheibriados
Elyvilon
Nemelex Xobeh
Trog
Vehumet
Yredelemnul

Annotations:
D:3 Sabitsuki's ghost, amateur TrCK


Innate Abilities, Weirdness & Mutations

You have sharp fingernails.
A weak demonic guardian rushes to your aid.


Message History

Your quasit bites Sabitsuki's ghost but does no damage.
Your quasit claws Sabitsuki's ghost.
Your quasit claws Sabitsuki's ghost but does no damage.
You completely miss Sabitsuki's ghost.
Sabitsuki's ghost is lightly damaged.
Sabitsuki's ghost closely misses you.
Your quasit bites Sabitsuki's ghost but does no damage.
Your quasit claws Sabitsuki's ghost but does no damage. x2
Sabitsuki's ghost hits you!
Your quasit bites Sabitsuki's ghost.
Your quasit claws Sabitsuki's ghost.
Your quasit claws Sabitsuki's ghost but does no damage.
Unknown command.
You barely miss Sabitsuki's ghost.
Sabitsuki's ghost is lightly damaged.
Sabitsuki's ghost hits you!
* * * LOW HITPOINT WARNING * * *
Your quasit bites Sabitsuki's ghost but does no damage.
Your quasit claws Sabitsuki's ghost but does no damage.
Your quasit misses Sabitsuki's ghost. Sabitsuki's ghost hits you!
You die...

#. . #. ##### #..
#...########.# ..#
##.#....<.....#
##.##.)...#########
.#.#...#5#.#.#
.......W5..#.#
##.#...#@###.#
##.##..g..# ##
####.## .# #.


You could see Sabitsuki's ghost, a hobgoblin, a friendly iron imp and a friendly
quasit.

Vanquished Creatures
  An orc wizard (D:3)
  A giant gecko (D:2)
  An orc (D:3)
  4 bats
  2 giant cockroaches
  5 goblins
  4 hobgoblins
  A ball python (D:2)
  2 giant newts (D:2)
  7 kobolds
  A rat (D:1)
29 creatures vanquished.

Vanquished Creatures (collateral kills)
  3 orcs (D:3)
3 creatures vanquished.

Vanquished Creatures (others)
  A worm (D:2)
  A hobgoblin (D:2)
2 creatures vanquished.

Grand Total: 34 creatures vanquished

Notes
Turn   | Place    | Note
--------------------------------------------------------------
     0 | Abyss:1  | Gargoyl the Demonspawn Abyssal Knight began the quest for the Orb.
     0 | Abyss:1  | Reached XP level 1. HP: 18/18 MP: 2/2
    22 | Abyss:1  | Found a corrupted altar of Lugonu.
   137 | Abyss:2  | Noticed a large abomination
   138 | Abyss:2  | Noticed a small abomination
   179 | Abyss:2  | Noticed a wretched star
   179 | D:1      | Escaped the Abyss
   276 | D:1      | Reached * piety under Lugonu
   395 | D:1      | Gained mutation: You have sharp fingernails. [demonic ancestry]
   395 | D:1      | Reached XP level 2. HP: 19/24 MP: 3/3
   857 | D:1      | Found a basalt altar of Yredelemnul.
   978 | D:2      | Found a sparkling altar of Nemelex Xobeh.
  1035 | D:2      | Found a radiant altar of Vehumet.
  1116 | D:2      | Reached skill level 1 in Dodging
  1389 | D:2      | Found a white marble altar of Elyvilon.
  1389 | D:2      | Found a snail-covered altar of Cheibriados.
  1389 | D:2      | Found a bloodstained altar of Trog.
  1433 | D:2      | Gained mutation: A weak demonic guardian rushes to your aid. [demonic ancestry]
  1433 | D:2      | Reached XP level 3. HP: 29/29 MP: 5/5
  1592 | D:3      | Noticed Sabitsuki's ghost (amateur TrCK)
  1599 | D:3      | Mangled by Sabitsuki's ghost

Skill      XL: |  1  2 |
---------------+-------+-----
Axes           | 2 |  2.2
Armour         | 2 |  2.4
Dodging        | 1 |  1.1
Fighting       | |  3.7
Invocations    | |  2.9

Action                   || total
-------------------------++-------
Melee: Hand axe          ||   100
Invok: Depart the Abyss  ||     1
  Use: Scroll            ||     7
 Stab: Distracted        ||     1
  Eat: Chunk             ||     2
Armor: Chain mail        ||    92
Dodge: Dodged            ||    24
